 Dungeon Crawl Stone Soup version 0.23.2-1-ga50397a (webtiles) character file.

Game seed: 11199957900671676477

44 doot the Magician (level 3, 0/19 HPs)
             Began as a Deep Elf Wizard on Apr 19, 2019.
             Slain by a goblin
             ... wielding a +0 dagger
              (2 damage)
             ... on level 2 of the Dungeon.
             The game lasted 00:04:27 (776 turns).

doot the Magician (Deep Elf Wizard)                  Turns: 776, Time: 00:04:28

Health: 0/19       AC:  2    Str:  4    XL:     3   Next: 41%
Magic:  5/12       EV: 13    Int: 23    God:
Gold:   30         SH:  0    Dex: 13    Spells: 6/13 levels left

rFire    . . .     SeeInvis .   (no weapon)
rCold    . . .     Gourm    .   (no shield)
rNeg     . . .     Faith    .   a - +0 robe
rPois    .         Spirit   .   b - +0 hat
rElec    .         Reflect  .   (no cloak)
rCorr    .         Harm     .   (no gloves)
MR       .....                  (no boots)
Stlth    ++........             (no amulet)
HPRegen  0.06/turn              (no ring)
MPRegen  0.13/turn              (no ring)

@: no status effects
A: no striking features
a: no special abilities


You were on level 2 of the Dungeon.
You were not hungry.

You visited 1 branch of the dungeon, and saw 2 of its levels.

You collected 30 gold pieces.

Inventory:

Armour
 a - a +0 robe (worn)
 b - a +0 hat (worn)
Potions
 e - a potion of cancellation {unknown}
 f - 2 potions of degeneration {unknown}
Comestibles
 c - 9 chunks of flesh
 d - 3 rations


   Skills:
 + Level 2.6 Dodging
 + Level 2.8 Stealth
 + Level 5.6 Spellcasting
 + Level 1.7 Conjurations
 + Level 1.1 Summonings
 + Level 1.1 Translocations


You had 6 spell levels left.
You knew the following spells:

 Your Spells              Type           Power        Failure   Level  Hunger
a - Magic Dart            Conj           ##..         4%          1    None
b - Blink                 Tloc           N/A          9%          2    None
c - Call Imp              Summ           ##......     9%          2    None
d - Slow                  Hex            #.......     13%         2    None

Your spell library contained the following spells:

 Spells                   Type           Power        Failure   Level  Hunger
 Conjure Flame            Conj/Fire      ##......     19%         3    #......
 Mephitic Cloud           Conj/Pois/Air  #.......     21%         3    #......


Dungeon Overview and Level Annotations

Branches:
Dungeon (2/15)

Altars:


Message History

Your crimson imp closely misses the goblin.
You climb upwards.
An ooze and a goblin come into view.
Found a spear and a scroll labeled VAWYOJIFYMA.
There is a stone staircase leading down here.
You feel sick. The worm bites you.
You climb downwards.
Your crimson imp disappears in a puff of smoke! x2
The hobgoblin hits you with a cursed +0 club.
* * * LOW HITPOINT WARNING * * *
There is a stone staircase leading up, spattered with blood here.
The hobgoblin completely misses you. The worm bites you.
* * * LOW HITPOINT WARNING * * *
You feel sick.
You are no longer poisoned.
The goblin closely misses you.
Your magical contamination has completely faded away.
There is a stone staircase leading up here.
The goblin hits you with a +0 dagger.
You die...

............#.##
.........#..#.#
.......#......#####
##########........#
#†.......#
#........#
#........#
#<....K..#
#....wg@.#
#...g....#
##########


You could see a worm, a hobgoblin, a goblin and a kobold.

Vanquished Creatures
  An adder (D:2)
  3 dart slugs (D:1)
  3 leopard geckos (D:1)
  2 bats (D:1)
  A giant cockroach (D:1)
  2 goblins
  3 hobgoblins (D:1)
  A ball python (D:1)
  A frilled lizard (D:1)
  2 kobolds (D:1)
  3 rats
22 creatures vanquished.

Vanquished Creatures (collateral kills)
  A ball python (D:2)
  A goblin (D:1)
  3 jackals (D:1)
  A bat (D:1)
  A frilled lizard (D:2)
7 creatures vanquished.

Grand Total: 29 creatures vanquished

Notes
Turn   | Place    | Note
-------+----------+-------------------------------------------
     0 | D:1      | doot the Deep Elf Wizard began the quest for the Orb.
     0 | D:1      | Reached XP level 1. HP: 10/10 MP: 7/7
   104 | D:1      | Reached skill level 5 in Spellcasting
   111 | D:1      | Reached XP level 2. HP: 15/15 MP: 0/10
   196 | D:1      | Learned a level 2 spell: Blink
   199 | D:1      | Learned a level 2 spell: Call Imp
   202 | D:1      | Learned a level 2 spell: Slow
   631 | D:1      | Reached XP level 3. HP: 19/19 MP: 10/12
   776 | D:2      | Slain by a goblin

Skill      XL: |  1 |
---------------+----+-----
Spellcasting   | 5 |  5.6
Dodging        | |  2.6
Stealth        | |  2.8
Conjurations   | |  1.7
Summonings     | |  1.1
Translocations | |  1.1

Action                   || total
-------------------------++-------
 Cast: Magic Dart        ||    62
       Call Imp          ||     5
Armor: Robe              ||     1
Dodge: Dodged            ||    15
